 Dungeon Crawl Stone Soup version 0.20-a0-369-g71b9d6e (webtiles) character file.

57345 siimphh the Severer (level 14, 0/132 HPs)
             Began as a Minotaur Fighter on Dec 26, 2016.
             Slain by an orc warrior
             ... wielding a +0 trident
             ... led by an orc warlord
              (20 damage)
             ... on level 1 of the Orcish Mines on Dec 27, 2016.
             The game lasted 02:50:37 (17163 turns).

siimphh the Severer (Minotaur Fighter)             Turns: 17163, Time: 02:50:40

Health: 0/132      AC: 32    Str: 26    XL:     14   Next: 45%
Magic:  13/13      EV: 10    Int:  5    God:
Gold:   1265       SH: 14    Dex: 12    Spells: 13/13 levels left

rFire  . . .     SeeInvis .     S - +0 mace (protect)
rCold  + + .     Gourm    .     N - +5 plate armour
rNeg   + . .     Faith    .     V - +0 shield {reflect}
rPois  .         Spirit   .     x - +2 hat
rElec  .         Reflect  +     (no cloak)
rCorr  +         Harm     +     f - +1 pair of gloves of Toon {rC+ Regen+ rCorr Str+2}
MR     ++...                    (no boots)
Stlth  ..........               j - amulet of harm
                                e - ring of protection from magic
                                M - ring "Kuanon" {+Blink rC+ rN+ Stlth+}

@: protection aura
A: retaliatory headbutt, horns 2, sense surroundings 1, sturdy frame 1
a: Evoke Blink


You were on level 1 of the Orcish Mines.
You were not hungry.

You visited 5 branches of the dungeon, and saw 18 of its levels.
You also visited: Sewer and Ice Cave.

You collected 1401 gold pieces.
You spent 136 gold pieces at shops.

Inventory:

Hand Weapons
 d - a +2 battleaxe
 r - a +4 hand axe of chopping
 t - a +3 great mace
 E - a +3 war axe
 G - a +1 shortbow of freezing
 I - a +1 executioner's axe of freezing
 P - a +2 war axe of freezing
 Q - a cursed +2 dire flail
 S - a +0 mace of protection (weapon)
 Z - a +6 dagger of venom
Missiles
 z - 49 arrows
Armour
 b - a +1 chain mail of poison resistance
 f - the +1 pair of gloves of Toon (worn) {rC+ Regen+ rCorr Str+2}
   (You found it on level 12 of the Dungeon)

   It affects your strength (+2).
   It protects you from cold.
   It increases your rate of regeneration.
   It protects you from acid and corrosion.
 x - a +2 hat (worn)
 D - a +2 pair of gloves
 L - the +3 leather armour "Juczeamn" {-Tele rElec rN+}
   (You found it in an ice cave)

   It insulates you from electricity.
   It protects you from negative energy.
   It prevents most forms of teleportation.
 N - a +5 plate armour (worn)
 U - a +1 chain mail of cold resistance
 V - a +0 shield of reflection (worn)
Jewellery
 a - an uncursed amulet of regeneration
 e - a ring of protection from magic (right hand)
 h - an uncursed ring of resist corrosion
 i - an uncursed ring of protection from fire
 j - an amulet of harm (around neck)
 M - the ring "Kuanon" (left hand) {+Blink rC+ rN+ Stlth+}
   (You acquired it on level 12 of the Dungeon)

   [ring of stealth]

   It protects you from cold.
   It protects you from negative energy.
   It lets you blink.
   It makes you more stealthy.
 O - an uncursed ring of flight
 R - an uncursed amulet of rage
Wands
 k - a wand of polymorph (3/24)
 F - a wand of iceblast (2/15)
 Y - a wand of iceblast (9/15)
Scrolls
 g - a scroll of blinking
 l - 5 scrolls of immolation
 o - 2 scrolls of fog
 q - 3 scrolls of magic mapping
 s - 6 scrolls of identify
 w - 4 scrolls of amnesia
 y - 4 scrolls of remove curse
 B - a scroll of fear
 K - 4 scrolls of teleportation
Potions
 p - 4 potions of brilliance
 v - 2 potions of cancellation
 A - 3 potions of agility
 C - a potion of curing
 T - a potion of resistance {unknown}
Miscellaneous
 W - a lamp of fire (inert)
Comestibles
 m - 3 beef jerkies
 n - 9 meat rations
 u - 8 slices of pizza
 H - a royal jelly
 J - 6 fruits


   Skills:
 + Level 14.0 Fighting
 + Level 16.7(16.8) Axes
 + Level 1.9(11.4) Maces & Flails
 + Level 13.7 Armour
 + Level 4.7 Dodging
 + Level 1.5 Stealth
 + Level 14.6 Shields
 + Level 0.1 Evocations


You had 13 spell levels left.
You didn't know any spells.

Dungeon Overview and Level Annotations

Branches:
Dungeon (12/15)            Temple (1/1) D:7            Lair (2/6) D:9
    Orc (2/2) D:12            Elf (1/3) Orc:2
  Swamp: Lair:2-4    Shoals: Lair:2-4     Snake: Lair:2-4    Spider: Lair:2-4

Altars:
Ashenzari
Cheibriados
Dithmenos
Elyvilon
Fedhas
Gozag
Hepliaklqana
Kikubaaqudgha
Makhleb
Nemelex Xobeh
Okawaru
Qazlal
Ru
Sif Muna
Trog
Uskayaw
Vehumet
Xom
Yredelemnul
Zin
The Shining One
Beogh

Shops:
D:5 *   D:6 [   D:8 }   Orc:2 [(=*


Innate Abilities, Weirdness & Mutations

You reflexively headbutt those who attack you in melee.
You have a pair of horns on your head.
You passively map a small area around you.
Your movements are slightly less encumbered by armour. (ER -2)


Message History

You kill the orc warlord!
Your Fighting skill increases to level 14!
The orc warrior no longer looks unusually strong.
The orc sorcerer casts a spell at you. The bolt of fire hits you!
* * * LOW HITPOINT WARNING * * *
The orc wizard points at you and mumbles some strange words.
The magic dart hits you!
* * * LOW HITPOINT WARNING * * *
You block the orc warrior's attack. The orc warrior closely misses you.
You hear a shout!
You can't go up here!
The orc sorcerer barely misses you.
The orc wizard gestures wildly while chanting.
The orc wizard flickers and vanishes!
You block the orc warrior's attack.
The orc priest mumbles some strange prayers to Beogh against you.
Beogh smites you!
* * * LOW HITPOINT WARNING * * *
The orc warrior hits you from afar with a trident!
You die... , , ... * ... , ..#####... ,, ,, , *........ ** .. * ##.....# , ... *.....## * ..o# *#....### #ooo#

##......# ,, ,
ooo####)..[...###
,
,o.#@)[.##...#.##
* ,
#o{o#####.....##
, ,
#oo#######o....#
#oOo#.#.#.....##
, ##.(.###..##.##
, #...4...##
###### , , ,
#.......# ##..##
, ....####...#
##....# , ....#
*##$$####......


You could see an orc sorcerer, 2 orc warriors, an ogre, an orc priest and 2
orcs.

Vanquished Creatures
  Donald (Orc:2)
  2 orc warlords (Orc:1)
  Snorg (D:10)
  Josephine (D:9)
  Harold (Lair:1)
  A centaur warrior (D:11)
  An ogre mage (Orc:2)
  8 two-headed ogres
  5 death yaks (D:9)
  3 orc high priests (Orc:2)
  Nergalle (D:11)
  The ghost of removeelyvilon the Martial Artist, a novice DgTm (D:8)
  2 deep elf knights (Elf:1)
  The ghost of removeelyvilon the Martial Artist, a novice DgTm (D:7)
  4 unseen horrors
  Pikel (D:7)
  A necromancer (IceCv)
  5 orc knights
  4 deep elf magi (Elf:1)
  6 oklob plants
  2 ugly things (D:11)
  An orc sorcerer (Orc:1)
  2 cyclopes
  A centaur zombie (D:12)
  A black mamba (Lair:1)
  Joseph (D:8)
  Maurice (D:8)
  3 ice statues (IceCv)
  A kobold demonologist (D:12)
  A spiny frog (Lair:1)
  A komodo dragon (Lair:2)
  9 ice devils (IceCv)
  5 trolls
  6 slime creatures (D:12)
  Prince Ribbit (D:7)
  A hornet (D:12)
  The ghost of removeelyvilon the Insei, an amateur DgTm (D:4)
  A blink frog (Lair:2)
  5 hippogriffs
  25 yaks
  3 wraiths
  3 hungry ghosts (D:12)
  2 wyverns (D:11)
  4 hogs (D:7)
  A human (D:7)
  A basilisk (D:11)
  A steam dragon (D:11)
  Menkaure (D:7)
  6 wargs
  3 water moccasins
  6 porcupines
  37 orc warriors
  A black bear (D:9)
  2 ice beasts
  2 sky beasts
  An eye of draining (D:12)
  7 ogres
  3 phantoms
  6 centaurs
  3 crocodiles (Lair:2)
  2 big kobolds
  7 bullfrogs
  A wyvern skeleton (D:9)
  A water moccasin skeleton (D:5)
  2 scorpions
  5 killer bees (D:8)
  5 wights (D:7)
  6 howler monkeys
  6 crimson imps
  A draconian simulacrum (IceCv)
  3 jellies
  12 orc priests
  6 hounds
  3 quasits
  2 gnoll shamans (D:4)
  24 orc wizards
  2 centaur skeletons
  4 iguanas
  A spriggan simulacrum (IceCv)
  3 troll simulacra (IceCv)
  4 worker ants
  A killer bee zombie (D:7)
  3 centaur simulacra (IceCv)
  A hound skeleton (D:9)
  3 mummies (D:7)
  A howler monkey zombie (D:7)
  2 naga simulacra (IceCv)
  10 adders
  9 gnolls (D:4)
  9 river rats (Sewer)
  A shadow imp (D:7)
  An adder zombie (D:9)
  3 worms
  3 dart slugs
  8 leopard geckos
  90 orcs
  10 ball pythons
  6 giant cockroaches (D:4)
  7 goblins
  7 hobgoblins
  11 jackals
  27 kobolds
  4 quokkas
  6 bats
  6 frilled lizards
  A jackal skeleton (D:5)
  A leopard gecko skeleton (D:5)
  A quokka zombie (D:5)
  19 rats
  3 fungi (Orc:2)
  74 plants
640 creatures vanquished.

Vanquished Creatures (others)
  A deep elf archer (Elf:1)
  2 fungi (Orc:2)
  2 plants (Lair:2)
  A withered plant (D:7)
6 creatures vanquished.

Grand Total: 646 creatures vanquished

Notes
Turn   | Place    | Note
-------+----------+-------------------------------------------
     0 | D:1      | siimphh the Minotaur Fighter began the quest for the Orb.
     0 | D:1      | Reached XP level 1. HP: 19/19 MP: 0/0
     2 | D:1      | Noticed a merfolk
     2 | D:1      | Noticed a vine stalker
     4 | D:1      | Noticed a centaur
     4 | D:1      | Noticed an ogre
     6 | D:1      | Noticed a naga
     6 | D:1      | Noticed a dwarf
     8 | D:1      | Noticed a spriggan
    12 | D:1      | Noticed a gargoyle
    14 | D:1      | Noticed a felid
    14 | D:1      | Noticed a halfling
    16 | D:1      | Noticed an elf
    16 | D:1      | Noticed a vampire
    18 | D:1      | Noticed a tengu
    18 | D:1      | Noticed a demonspawn
    20 | D:1      | Noticed a minotaur
    20 | D:1      | Noticed a draconian
    22 | D:1      | Noticed a troll
    22 | D:1      | Noticed a demigod
    24 | D:1      | Noticed a ghoul
    24 | D:1      | Noticed a human
    26 | D:1      | Noticed an octopode
    26 | D:1      | Noticed a formicid
   211 | D:1      | Reached XP level 2. HP: 25/27 MP: 1/1
   596 | D:2      | Reached skill level 3 in Axes
   601 | D:2      | Reached XP level 3. HP: 22/33 MP: 2/2
   602 | D:2      | Gained mutation: Your body sometimes deteriorates upon taking damage. [potion of mutation]
   602 | D:2      | Gained mutation: You passively map a small area around you. [potion of mutation]
   602 | D:2      | Gained mutation: Your movements are slightly less encumbered by armour. (ER -2) [potion of mutation]
  1340 | D:2      | Reached XP level 4. HP: 38/40 MP: 3/3
  1449 | D:3      | Reached skill level 4 in Axes
  1708 | D:3      | Reached XP level 5. HP: 40/47 MP: 4/4
  1811 | D:3      | Reached skill level 5 in Axes
  2292 | D:4      | Noticed a phantom
  2305 | D:4      | Killed a phantom
  2305 | D:4      | Reached skill level 1 in Dodging
  2305 | D:4      | Reached XP level 6. HP: 48/55 MP: 5/5
  2327 | D:4      | Found a glowing drain.
  2344 | Sewer    | Entered a sewer
  2416 | Sewer    | Reached skill level 6 in Axes
  2704 | Sewer    | Reached skill level 5 in Shields
  2900 | Sewer    | Reached skill level 5 in Fighting
  2900 | Sewer    | Reached skill level 5 in Armour
  2900 | Sewer    | Reached XP level 7. HP: 58/61 MP: 6/6
  3128 | D:4      | Reached skill level 7 in Axes
  3133 | D:4      | Noticed removeelyvilon's ghost (amateur DgTm)
  3160 | D:4      | Killed removeelyvilon's ghost
  3348 | D:4      | Reached XP level 8. HP: 70/70 MP: 7/7
  3914 | D:5      | Entered Level 5 of the Dungeon
  3921 | D:5      | Reached skill level 8 in Axes
  4431 | D:5      | Found Xitteloug's Serpentskin Sales.
  4624 | D:5      | Reached skill level 9 in Axes
  5350 | D:6      | Reached XP level 9. HP: 65/78 MP: 8/8
  5637 | D:6      | Found Cimeet's Armour Emporium.
  6009 | D:7      | Reached skill level 10 in Axes
  6121 | D:7      | Noticed Prince Ribbit
  6157 | D:7      | Noticed removeelyvilon's ghost (novice DgTm)
  6182 | D:7      | Killed removeelyvilon's ghost
  6295 | D:7      | Reached skill level 11 in Axes
  6301 | D:7      | Reached XP level 10. HP: 81/88 MP: 9/9
  6400 | D:7      | Killed Prince Ribbit
  6437 | D:7      | Noticed Menkaure
  6626 | D:7      | Killed Menkaure
  6842 | D:7      | Found a staircase to the Ecumenical Temple.
  6850 | D:7      | Gained mutation: You are dopey. (Int -2) [potion of mutation]
  6850 | D:7      | Gained mutation: Your movements are less encumbered by armour. (ER -4) [potion of mutation]
  6882 | D:7      | Noticed Pikel
  7023 | D:7      | Killed Pikel
  7052 | Temple   | Entered the Ecumenical Temple
  7346 | D:8      | Noticed removeelyvilon's ghost (novice DgTm)
  7395 | D:8      | Killed removeelyvilon's ghost
  7395 | D:8      | Reached skill level 12 in Axes
  7486 | D:8      | Noticed a two-headed ogre
  7499 | D:8      | Killed a two-headed ogre
  7526 | D:8      | Noticed Maurice
  7545 | D:8      | Killed Maurice
  7652 | D:8      | Noticed Joseph
  7689 | D:8      | Killed Joseph
  7807 | D:8      | Found Duuwuocw's Gadget Shoppe.
  8030 | D:9      | Gained mutation: Your flesh is cold resistant. (rC+) [potion of mutation]
  8030 | D:9      | Gained mutation: You tend to lose your temper in combat. [potion of mutation]
  8038 | D:9      | Noticed a two-headed ogre
  8046 | D:9      | Killed a two-headed ogre
  8046 | D:9      | Reached skill level 10 in Shields
  8046 | D:9      | Reached XP level 11. HP: 95/95 MP: 10/10
  8058 | D:9      | Reached skill level 13 in Axes
  8149 | D:9      | Noticed a death yak
  8151 | D:9      | Noticed a death yak
  8156 | D:9      | Noticed a death yak
  8157 | D:9      | Noticed a death yak
  8159 | D:9      | Noticed a death yak
  8186 | D:9      | Killed a death yak
  8194 | D:9      | Killed a death yak
  8209 | D:9      | Killed a death yak
  8224 | D:9      | Killed a death yak
  8245 | D:9      | Killed a death yak
  8362 | D:9      | Identified a scroll of acquirement
  8377 | D:9      | Found a staircase to the Lair.
  8389 | Lair:1   | Entered Level 1 of the Lair of Beasts
  8440 | Lair:1   | Noticed Harold
  8455 | Lair:1   | Killed Harold
  8455 | Lair:1   | Reached skill level 10 in Fighting
  8455 | Lair:1   | Reached skill level 14 in Axes
  8513 | Lair:1   | Reached skill level 10 in Armour
  8710 | Lair:1   | Lost mutation: You are dopey. (Int -2) [potion of cure mutation]
  8710 | Lair:1   | Lost mutation: Your flesh is cold resistant. (rC+) [potion of cure mutation]
  8710 | Lair:1   | Lost mutation: You tend to lose your temper in combat. [potion of cure mutation]
  8710 | Lair:1   | Lost mutation: Your body sometimes deteriorates upon taking damage. [potion of cure mutation]
  8710 | Lair:1   | Lost mutation: Your movements are less encumbered by armour. (ER -4) [potion of cure mutation]
  8980 | Lair:1   | Noticed an oklob plant
  9336 | Lair:1   | Killed an oklob plant
  9369 | Lair:1   | Noticed an oklob plant
  9432 | Lair:1   | Killed an oklob plant
  9531 | Lair:1   | Noticed an oklob plant
  9562 | Lair:1   | Noticed an oklob plant
  9596 | Lair:1   | Killed an oklob plant
  9638 | Lair:1   | Killed an oklob plant
  9638 | Lair:1   | Reached XP level 12. HP: 77/107 MP: 11/11
 11338 | D:10     | Entered Level 10 of the Dungeon
 11338 | D:10     | Noticed Josephine
 11346 | D:9      | Killed Josephine
 11346 | D:9      | Reached skill level 1 in Stealth
 11588 | D:10     | Noticed Snorg
 11590 | D:10     | Upgraded the game from 0.20-a0-351-gc9b4002 to 0.20-a0-369-g71b9d6e
 11614 | D:10     | Killed Snorg
 11881 | D:9      | Noticed a two-headed ogre
 11890 | D:9      | Killed a two-headed ogre
 12095 | D:11     | Noticed a centaur warrior
 12104 | D:11     | Killed a centaur warrior
 12224 | D:11     | Noticed Nergalle
 12240 | D:11     | Killed Nergalle
 12240 | D:11     | Reached skill level 15 in Axes
 12246 | D:11     | Reached XP level 13. HP: 67/117 MP: 12/12
 12448 | D:11     | Found a frozen archway.
 12478 | IceCv    | Entered an ice cave
 13524 | IceCv    | Got a turquoise-encrusted leather armour
 13535 | IceCv    | Identified the +3 leather armour "Juczeamn" {-Tele rElec rN+} (You found it in an ice cave)
 13827 | D:12     | Got a smoking tin ring
 13829 | D:12     | Identified the ring "Kuanon" {+Blink rC+ rN+ Stlth+} (You acquired it on level 12 of the Dungeon)
 13844 | D:12     | Got a pair of transparent gloves
 13855 | D:12     | Identified the +1 pair of gloves of Toon {rC+ Regen+ rCorr Str+2} (You found it on level 12 of the Dungeon)
 14184 | D:12     | Found a staircase to the Orcish Mines.
 14282 | D:12     | Found a roughly hewn altar of Beogh.
 14681 | Orc:1    | Entered Level 1 of the Orcish Mines
 14714 | Orc:2    | Entered Level 2 of the Orcish Mines
 14822 | Orc:2    | Found Zurhum's Antique Weapon Shoppe.
 14869 | Orc:2    | Noticed an orc warlord
 15021 | Orc:1    | Killed an orc warlord
 15307 | Orc:2    | Found Ossueg's Antique Armour Emporium.
 15414 | Orc:2    | Reached skill level 16 in Axes
 15414 | Orc:2    | Reached XP level 14. HP: 109/129 MP: 13/13
 15523 | Orc:2    | Found Otimic Baint's Jewellery Shoppe.
 15752 | Orc:2    | Found Meehet's General Store.
 15880 | Orc:2    | Bought a scroll of identify for 34 gold pieces
 15880 | Orc:2    | Bought a scroll of identify for 34 gold pieces
 15880 | Orc:2    | Bought 2 scrolls of identify for 68 gold pieces
 15884 | Orc:2    | Found a staircase to the Elven Halls.
 15959 | Orc:2    | Noticed Donald
 16218 | Elf:1    | Entered Level 1 of the Elven Halls
 16438 | Orc:2    | Killed Donald
 16956 | Orc:1    | Reached skill level 1 in Maces & Flails
 16988 | Orc:1    | Noticed an orc warlord
 17162 | Orc:1    | Killed an orc warlord
 17163 | Orc:1    | Slain by an orc warrior

Vault maps used:
D:1:      kb_arrival_jail
D:2:      cheibrodos_helix_gallery
D:4:      portal_sewer_entry_f, first_bread, st_stairs_11, minmay_ruptured
D:5:      guppyfry_shop_venom
D:6:      serial_shops, nicolae_shop_trees, grunt_ministairs_14,
          minmay_statues_item
D:7:      serial_undead, serial_undead_b, serial_undead_b, serial_undead_f,
          serial_undead_c, grunt_livestock, uniq_menkaure, uniq_pikel,
          uniq_prince_ribbit1
D:8:      serial_shops, kennysheep_mini_moat, uniq_joseph, uniq_maurice
D:9:      dpeg_lair_monsters
D:10:     special_room, minivault_11, uniq_josephine, uniq_erolcha, uniq_snorg
D:11:     portal_ice_cave_entry_pillars_2, uniq_nergalle
D:12:     minmay_orc_entry_temple_small
Temple:   nicolae_temple_the_god_donut
Lair:1:   minmay_lair_oklob_tunnel, uniq_harold
Lair:2:   grunt_megastairs_2, minmay_lair_oklob_chamber, wad_woods_river_01,
          infiniplex_staircase_pool_2
Orc:1:    minmay_goldmine
Orc:2:    grunt_orc_gardens, grunt_orc_garden, grunt_orc_garden,
          grunt_orc_garden, grunt_orc_garden, uniq_donald
Elf:1:    eino_elf_arrival_altar, portal_desolation_entry_garden,
          hangedman_elf_represent, glass_columns_b, uniq_frances
Sewer:    sewer_minmay_treatment
IceCv:    ice_cave_tombish

Skill      XL: |  1  2  3  4  5  6  7  8  9 10 11 12 13 14 |
---------------+-------------------------------------------+-----
Fighting       | 4 5 6 7 8 10 11 13 14 | 14.0
Axes           | 3 4 5 6 7 9 11 12 14 15 16 | 16.7
Shields        | 4 5 6 8 10 11 13 14 | 14.6
Armour         | 4 5 6 7 9 10 12 13 | 13.7
Dodging        | 1 2 3 4 |  4.7
Stealth        | 1 |  1.5
Maces & Flails | 1 |  1.9
Evocations     | |  0.1

Action                   |  1- 3 |  4- 6 |  7- 9 | 10-12 | 13-15 || total
-------------------------+-------+-------+-------+-------+-------++-------
Melee: War axe           |    59 |       |    75 |     7 |    46 ||   187
       Headbutt          |    11 |    25 |    62 |   268 |   214 ||   580
       Hand axe          |    38 |   186 |   292 |   887 |   587 ||  1990
       Executioner's axe |       |       |       |       |    49 ||    49
       Dagger            |       |       |       |       |     3 ||     3
       Mace              |       |       |       |       |   176 ||   176
 Fire: Shortbow          |       |       |       |       |     1 ||     1
Evoke: Wand              |       |       |       |       |     3 ||     3
       Lamp of fire      |       |       |       |       |     1 ||     1
  Use: Scroll            |     4 |       |     9 |    16 |     9 ||    38
       Potion            |     5 |       |     8 |     9 |    10 ||    32
  Eat: Chunk             |     1 |       |     4 |     6 |     4 ||    15
       Bread ration      |       |     2 |     1 |     3 |     2 ||     8
       Pizza             |       |       |       |       |     1 ||     1
       Meat ration       |       |       |       |       |     1 ||     1
       Beef jerky        |       |       |       |       |     1 ||     1
Armor: Scale mail        |    53 |    56 |    53 |       |       ||   162
       Chain mail        |       |       |     7 |       |    32 ||    39
       Plate armour      |       |       |    37 |   169 |   265 ||   471
Dodge: Dodged            |    25 |    48 |    78 |    87 |   191 ||   429
Block: Shield            |    59 |    86 |   155 |   250 |   360 ||   910
